 Dungeon Crawl Stone Soup version 0.29.1-4-g47bece8355 (webtiles) character file.

Game seed: 4585589683846614156

162 DoIIoM the Caller (level 5, -1/34 HPs)
             Began as an Octopode Summoner on Dec 2, 2022.
             Slain by a gnoll
             ... wielding a +0 whip
              (6 damage)
             ... on level 3 of the Dungeon.
             The game lasted 00:06:40 (3658 turns).

DoIIoM the Caller (Octopode Summoner)               Turns: 3658, Time: 00:06:41

Health: -1/34      AC:  1    Str:  7    XL:     5   Next: 43%
Magic:  8/10       EV: 13    Int: 26    God:
Gold:   70         SH:  0    Dex: 12    Spells: 4/10 levels left

rFire   . . .      SeeInvis .   p - +0 short sword
rCold   . . .      Faith    .   (no shield)
rNeg    . . .      Spirit   .   (helmet restricted)
rPois   .          Reflect  .   (no amulet)
rElec   .          Harm     .   m - +6 ring of intelligence
rCorr   .          Rampage  .   (no ring)
Will    .....                   (no ring)
Stlth   +++.......              (no ring)
HPRegen 0.11/turn               (no ring)
MPRegen 0.12/turn               (no ring)
                                (no ring)
                                (no ring)

@: no status effects
A: almost no armour, amphibious, 8 rings, camouflage 1, gelatinous body 1,
(nimble swimmer 1), tentacles
a: no special abilities


You were on level 3 of the Dungeon.
You visited 1 branch of the dungeon, and saw 3 of its levels.

You collected 70 gold pieces.

Inventory:

Hand Weapons
 k - a +0 whip
 p - a +0 short sword (weapon)
Jewellery
 m - a +6 ring of intelligence (left tentacle)
Wands
 o - a wand of flame (7)
Scrolls
 b - 2 scrolls of poison {unknown}
 d - 2 scrolls of vulnerability {unknown}
 g - a scroll of teleportation {unknown}
 h - 3 scrolls of immolation {unknown}
 i - 2 scrolls of amnesia {unknown}
 l - a scroll of butterflies {unknown}
 q - a scroll of identify {unknown}
 r - a scroll of enchant weapon {unknown}
 u - a scroll of silence {unknown}
 w - a scroll of blinking {unknown}
Potions
 a - a potion of magic
 c - a potion of flight {unknown}
 e - a potion of attraction {unknown}
 f - a potion of cancellation {unknown}
 j - 2 potions of curing {unknown}
 n - a potion of invisibility {unknown}
 s - 2 potions of lignification {unknown}
 t - a potion of might {unknown}
 v - a potion of mutation {unknown}


   Skills:
 + Level 1.8 Fighting
 - Level 2.0 Dodging
 - Level 3.0 Stealth
 + Level 3.4 Spellcasting
 + Level 5.1 Summonings


You had 4 spell levels left.
You knew the following spells:

 Your Spells              Type           Power      Damage    Failure   Level
a - Summon Small Mammal   Summ           100%       N/A       1%          1
b - Call Imp              Summ           31%        N/A       1%          2
c - Call Canine Familiar  Summ           31%        N/A       3%          3

Your spell library contained the following spells:

 Spells                   Type           Power      Damage    Failure   Level
 Magic Dart               Conj           16%        1d3       9%          1
 Summon Guardian Golem    Hex/Summ       17%        N/A       10%         3
 Searing Ray              Conj           8%         2d4       14%         2
 Static Discharge         Conj/Air       4%         3-4/arc   14%         2
 Sublimation of Blood     Necr           4%         N/A       14%         2
 Wereblood                Tmut           4%         N/A       14%         2
 Summon Lightning Spire   Summ/Air       17%        N/A       30%         4
 Fulminant Prism          Conj/Hex       2%         3d6       65%         4
 Lightning Bolt           Conj/Air       2%         1d13      94%         5
 Summon Hydra             Summ           15%        N/A       100%        7
 Maxwell's Capacitive Co  Air            2%         ∞         100%        8


Dungeon Overview and Level Annotations

Branches:
Dungeon (3/15)

Altars:


Innate Abilities, Weirdness & Mutations

You cannot wear most types of armour.
You are amphibious.
You can wear up to eight rings at the same time.
Your skin changes colour to match your surroundings (Stealth+).
Your rubbery body absorbs attacks. (AC +1, EV +1)
((You are camouflaged when in or above water. (Stealth+)))
You have tentacles for arms and can constrict up to eight enemies at once.


Message History

The goblin hits you with a +0 club.
You see here an adder corpse.
You miss the goblin. You grab the goblin. You constrict the goblin.
The goblin barely misses you.
You barely miss the goblin.
The goblin is heavily wounded.
You constrict the goblin.
You kill the goblin!
The gnoll barely misses you.
You hit the gnoll. You grab the gnoll.
The gnoll is lightly wounded.
You constrict the gnoll. The gnoll misses you.
You hit the gnoll but do no damage.
The gnoll is moderately wounded.
You constrict the gnoll. The gnoll hits you with a +0 whip.
You barely miss the gnoll.
The gnoll is moderately wounded.
You constrict the gnoll. The gnoll hits you with a +0 whip.
You hit the gnoll but do no damage.
You tentacle-slap the gnoll, but do no damage.
The gnoll is heavily wounded.
You constrict the gnoll, but do no damage.
The gnoll misses you.
You hit the gnoll.
You squeeze the gnoll, but do no damage.
The gnoll is heavily wounded.
You constrict the gnoll. The gnoll hits you with a +0 whip!
You release your grip on the gnoll.
Casting: Call Imp (safe; 1% risk of failure)
Confirm with . or Enter, or press ? or * to list all spells.
A beastly little devil appears in a puff of flame.
The gnoll hits you with a +0 whip.
The gnoll hits you from afar with a +0 spear.
* * * LOW HITPOINT WARNING * * *
The gnoll attacks as you move away! The gnoll hits you with a +0 whip.
* * * LOW HITPOINT WARNING * * *
Okay, then.
Unknown command.
The gnoll attacks as you move away! The gnoll hits you with a +0 whip.
You die...

##.......#.####.#..###
###<..................†.
#............#####..####
#.#.....###########.####
#.##...## .!... #.....
#.###.#####..≈≈≈. #.####
##...#.#.g†5.≈≈≈≈≈ #.#
#......#g##..≈≈≈≈≈ #.#
#......#@# #.≈≈≈≈≈ #.#
#.....##.# ..≈≈≈. #.#
##...###.# ..... #.#
#..####.## ##### ###
#..###...####.
#..............
#.####...####.. #.#
##.## #.#####.#


You could see 2 gnolls.

Vanquished Creatures
  An iguana (D:3)
  3 adders (D:3)
  6 ball pythons
  5 bats
  7 endoplasms
  A giant cockroach (D:1)
  3 goblins
  9 hobgoblins
  6 kobolds
  6 quokkas
  4 frilled lizards
  7 rats
58 creatures vanquished.

Vanquished Creatures (collateral kills)
  A jelly (D:2)
  An adder (D:3)
  2 endoplasms (D:2)
  A hobgoblin (D:2)
  6 kobolds (D:2)
11 creatures vanquished.

Vanquished Creatures (others)
  8 fungi (D:2)
  6 toadstools (D:2)
14 creatures vanquished.

Grand Total: 83 creatures vanquished

Notes
Turn   | Place    | Note
-------+----------+-------------------------------------------
     0 | D:1      | DoIIoM the Octopode Summoner began the quest for the Orb.
     0 | D:1      | Reached XP level 1. HP: 11/11 MP: 3/3
   337 | D:1      | Reached XP level 2. HP: 15/17 MP: 5/5
   340 | D:1      | Learned a level 2 spell: Call Imp
   995 | D:1      | Found a faded altar of an unknown god.
  1526 | D:2      | Reached XP level 3. HP: 18/21 MP: 6/6
  1617 | D:2      | Learned a level 3 spell: Call Canine Familiar
  1869 | D:2      | Identified the +1 dagger of Heazept {venom, rC+ Str+4}
  2497 | D:2      | Reached XP level 4. HP: 27/27 MP: 4/8
  2621 | D:2      | You fall into a shaft and drop 1 floor!
  2693 | D:3      | Reached skill level 1 in Fighting
  2733 | D:3      | Reached skill level 5 in Summonings
  2733 | D:3      | Reached XP level 5. HP: 13/33 MP: 1/9
  3658 | D:3      | Slain by a gnoll

Illustrated notes

Levels and vault maps discovered:
D:1:      roderic_dead_forest, layout_basic, shapermc_ecumenical_altar_ellora
D:2:      cheibrodos_fertilizer, layout_loops_ring, serial_shops, shop,
          minmay_tree_intersection
D:3:      layout_loops_ring, serial_shops, nicolae_lakefront_shop,
          lightli_sewer_entry_pipes, minmay_vboxes

Skill      XL: |  1  2  3  4 |
---------------+-------------+-----
Stealth        | 3 |  3.0
Spellcasting   | 3 |  3.4
Fighting       | 1 |  1.8
Summonings     | 5 |  5.1
Dodging        | |  2.0

Action                   |  1- 3 |  4- 6 || total
-------------------------+-------+-------++-------
Melee: Unarmed           |    36 |       ||    36
       Constrict         |    25 |    13 ||    38
       Tentacles         |    20 |    11 ||    31
       Punch             |     2 |     1 ||     3
       Whip              |    44 |       ||    44
       Short sword       |     2 |    70 ||    72
 Cast: Call Imp          |     3 |     5 ||     8
       Call Canine Famil |     2 |     1 ||     3
 Stab: Sleeping          |    16 |     8 ||    24
       Distracted        |       |     1 ||     1
Armor: Skin              |     5 |     2 ||     7
Dodge: Dodged            |    54 |    46 ||   100
